 Dungeon Crawl Stone Soup version 0.24-a0-640-ge7cd8ce796 (webtiles) character file.

Game seed: 13840426894166097316, levelgen mode: deterministic

37 Gynju the Covered (level 3, 0/31 HPs)
             Began as a Gnoll Wanderer on Sept 25, 2019.
             Slain by a goblin (4 damage)
             ... led by Robin
             ... on level 4 of the Dungeon.
             The game lasted 00:03:19 (1473 turns).

Gynju the Covered (Gnoll Wanderer)                  Turns: 1473, Time: 00:03:20

Health: 0/31       AC:  7    Str: 17    XL:     3   Next: 39%
Magic:  7/7        EV:  8    Int: 12    God:
Gold:   33         SH:  7    Dex: 14    Spells: 7/7 levels left

rFire    . . .     SeeInvis .   n - +0 mace
rCold    . . .     Gourm    .   i - +0 shield
rNeg     . . .     Faith    .   e - +0 ring mail
rPois    .         Spirit   .   h - +0 helmet
rElec    .         Reflect  .   (no cloak)
rCorr    .         Harm     .   (no gloves)
MR       .....                  (no boots)
Stlth    +.........             (no amulet)
HPRegen  0.10/turn              (no ring)
MPRegen  0.10/turn              (no ring)

@: no status effects
A: distributed training, fangs 1, strong nose
a: no special abilities


You were on level 4 of the Dungeon.
You were not hungry.

You visited 1 branch of the dungeon, and saw 3 of its levels.

You collected 33 gold pieces.

Inventory:

Hand Weapons
 a - a +2 shortbow
 n - a +0 mace (weapon)
Missiles
 b - 45 arrows
Armour
 e - a +0 ring mail (worn)
 h - a +0 helmet (worn)
 i - a +0 shield (worn)
Jewellery
 k - an uncursed ring of ice {unknown}
Scrolls
 d - a scroll of noise {unknown}
 g - 2 scrolls of amnesia {unknown}
 j - a scroll of fog {unknown}
 m - a scroll of teleportation {unknown}
Potions
 c - 4 potions of curing {@q1}
 l - a potion of haste {unknown}
 o - 2 potions of brilliance {unknown}
Comestibles
 f - 3 rations


   Skills:
 + Level 4.5 Fighting
 + Level 0.7 Short Blades
 + Level 0.7 Long Blades
 + Level 0.7 Axes
 + Level 0.7 Maces & Flails
 + Level 0.7 Polearms
 + Level 0.7 Staves
 + Level 0.7 Slings
 + Level 2.6 Bows
 + Level 0.7 Crossbows
 + Level 0.7 Throwing
 + Level 4.5 Armour
 + Level 0.7 Dodging
 + Level 2.3 Stealth
 + Level 0.7 Shields
 + Level 0.7 Unarmed Combat
 + Level 2.8 Spellcasting
 + Level 0.5 Conjurations
 + Level 0.5 Hexes
 + Level 0.5 Charms
 + Level 2.1 Summonings
 + Level 0.5 Necromancy
 + Level 2.1 Translocations
 + Level 0.5 Transmutations
 + Level 0.5 Fire Magic
 + Level 0.5 Ice Magic
 + Level 0.5 Air Magic
 + Level 0.5 Earth Magic
 + Level 0.5 Poison Magic
 + Level 0.9 Invocations
 + Level 2.6 Evocations


You had 7 spell levels left.
You didn't know any spells.
Your spell library was empty.

Dungeon Overview and Level Annotations

Branches:
Dungeon (2/15)

Altars:

Annotations:
D:4 Robin


Innate Abilities, Weirdness & Mutations

Your experience applies equally to all skills.
You have very sharp teeth.
Your uncanny sense of smell can sniff out nearby items.


Message History

The hound barely misses you.
The goblin hits you but does no damage. x3
Robin says, "Bow before me, strongest of all the hobgoblins!"
You barely miss the jackal.
The jackal is heavily wounded.
The jackal barks!
The jackal barely misses you. The hound closely misses you.
You block the goblin's attack. The goblin hits you but does no damage.
The jackal bites you but does no damage.
The goblin hits you but does no damage.
The orc wizard mumbles some strange words.
The orc wizard blinks!
You block the goblin's attack. The hound bites you but does no damage.
The goblin hits you.
* * * LOW HITPOINT WARNING * * *
The orc wizard mumbles some strange words.
The orc wizard blinks!
You hit the jackal but do no damage. You bite the jackal, but do no damage.
The jackal is heavily wounded.
You block the jackal's attack. The hound bites you but does no damage.
The goblin hits you.
You die... ..#.......#.. ............. ............ .. ..........# .........lg..# ..... #.ggagg.#

.....##.aggghg##
......ogogg@hg.#
....h.hh#ag##...#
..... #.oo## ..#
......#.o### ...
..a........# ..#
...............
.#
.o....##....... 8
...... .....##.
...#.# ######


You could see a hound, 3 worker ants, Robin, 2 orc wizards, 4 gnolls, 3 orcs, a
leopard gecko, 4 jackals, 2 hobgoblins and 7 goblins.

Vanquished Creatures
  2 dart slugs
  2 leopard geckos
  A ball python (D:2)
  3 bats (D:1)
  2 giant cockroaches (D:1)
  6 goblins
  5 hobgoblins
  A kobold (D:1)
  2 frilled lizards
  2 rats (D:1)
26 creatures vanquished.

Notes
Turn   | Place    | Note
-------+----------+-------------------------------------------
     0 | D:1      | Gynju the Gnoll Wanderer began the quest for the Orb.
     0 | D:1      | Gynju set off with the following items: a +2 shortbow, 25
                  | arrows, 2 potions of curing {@q1}, a +0 robe, a ration
     0 | D:1      | Reached XP level 1. HP: 20/20 MP: 4/4
   398 | D:1      | Reached XP level 2. HP: 26/26 MP: 5/5
   890 | D:1      | Reached XP level 3. HP: 31/31 MP: 7/7
  1459 | D:2      | You fall into a shaft and drop 2 floors!
  1462 | D:4      | Noticed Robin
  1473 | D:4      | Slain by a goblin

Levels and vault maps discovered:
D:1:      giann_forest_graveyard, layout_basic
D:2:      layout_rooms, nicolae_overflow_crystal_walls, minmay_misc_feat_cross,
          nrook_mini_backslash, minmay_diced_spiral
D:4:      layout_rooms, kennysheep_ying_yang, serial_shops, shop, shop,
          nicolae_shop_temple_entry_statues_fountains, uniq_robin, uniq_grinder

Skill      XL: |  1 |
---------------+----+-----
Summonings     | 2 |  2.1
Translocations | 2 |  2.1
Fighting       | |  4.5
Short Blades   | |  0.7
Long Blades    | |  0.7
Axes           | |  0.7
Maces & Flails | |  0.7
Polearms       | |  0.7
Staves         | |  0.7
Slings         | |  0.7
Bows           | |  2.6
Crossbows      | |  0.7
Throwing       | |  0.7
Armour         | |  4.5
Dodging        | |  0.7
Stealth        | |  2.3
Shields        | |  0.7
Unarmed Combat | |  0.7
Spellcasting   | |  2.8
Conjurations   | |  0.5
Hexes          | |  0.5
Charms         | |  0.5
Necromancy     | |  0.5
Transmutations | |  0.5
Fire Magic     | |  0.5
Ice Magic      | |  0.5
Air Magic      | |  0.5
Earth Magic    | |  0.5
Poison Magic   | |  0.5
Invocations    | |  0.9
Evocations     | |  2.6

Action                   || total
-------------------------++-------
Melee: Club              ||    29
       Mace              ||    34
       Bite              ||    13
 Fire: Shortbow          ||    13
 Stab: Sleeping          ||     1
  Eat: Chunk             ||     2
Armor: Robe              ||     1
       Leather armour    ||     9
       Ring mail         ||    47
Dodge: Dodged            ||    50
Block: Shield            ||    22

Table legend:
 A = Non-vault XP
 B = Vault XP
 C = Vault XP percentage of total XP
 D = Non-vault monster count
 E = Vault monster count
 F = Vault count percentage of total count
                 A         B        C        D         E       F
            +---------+---------+-------+---------+---------+-------
      Total |      39 |      14 |  26.4 |      20 |       6 |  23.1
            +---------+---------+-------+---------+---------+-------
        D:1 |      35 |       0 |   0.0 |      18 |       0 |   0.0
        D:2 |       1 |      12 |  92.3 |       1 |       5 |  83.3
        D:4 |       3 |       2 |  40.0 |       1 |       1 |  50.0
            +---------+---------+-------+---------+---------+-------
